[ PARTIDA AOE2 · #507323442 ]
UnrankedWei vs Burmese
Equipo del jugador · DERR
Equipo rival · VICT
[ ANÁLISIS DE REPETICIÓN · EXTRAÍDO DE LA PARTIDA GRABADA ]
Feudal
9:15
Castillos
—
Imperial
—
| APM promedio | 56.3 |
| APM pico | 92 |
| eAPM promedio | 18.6 |
| Aldeanos / militares | 36 / 6 |
Foco
⚔️ 19.4% · 🌾 80.6%
Militia ×4 · Archer ×2
Feudal
9:20
Castillos
—
Imperial
—
| APM promedio | 105.7 |
| APM pico | 145 |
| eAPM promedio | 63.9 |
| Aldeanos / militares | 37 / 8 |
Foco
⚔️ 81.2% · 🌾 18.8%
Militia ×4 · Spearman ×4
Mapa de la partida
Recursos iniciales + cada clic de construcción. Líneas = muros · curvas = relieve. ◆ oro · ⬟ piedra · ● bayas · ✦ reliquia · ◌ hueco del cierre
Tu base· ✓ Cerrada en 12:00 · 0t muro · 4 puerta(s)
Base de LLaRLLi· ✓ Cerrada en 12:00 · 1t muro · 3 puerta(s)
Terreno inicial suavizado · ◌ = hueco del cierre detectado · pasá el cursor para detalles
Inputs por minuto
— Riut - - LLaRLLi
Build order — Riut
58 acciones detectadas en el replay
| 0:00 | Encolar | Villager (Male) |
| 0:00 | Encolar | Villager (Male) |
| 0:01 | Encolar | Villager (Male) |
| 0:01 | Encolar | Villager (Male) |
| 0:02 | Construir | House |
| 0:02 | Construir | House |
| 1:29 | Encolar | Villager (Male) |
| 1:29 | Encolar | Villager (Male) |
| 1:30 | Encolar | Villager (Male) |
| 1:54 | Construir | Lumber Camp |
| 2:03 | Encolar | Villager (Male) |
| 2:26 | Encolar | Villager (Male) |
| 2:26 | Encolar | Villager (Male) |
| 2:26 | Encolar | Villager (Male) |
| 2:41 | Encolar | Villager (Male) |
| 2:41 | Encolar | Villager (Male) |
| 2:41 | Encolar | Villager (Male) |
| 2:41 | Encolar | Villager (Male) |
| 3:03 | Construir | House |
| 3:15 | Encolar | Villager (Male) |
| 3:16 | Encolar | Villager (Male) |
| 3:40 | Encolar | Villager (Male) |
| 3:40 | Encolar | Villager (Male) |
| 3:40 | Encolar | Villager (Male) |
| 4:03 | Encolar | Villager (Male) |
| 4:04 | Encolar | Villager (Male) |
| 4:22 | Encolar | Villager (Male) |
| 4:32 | Encolar | Villager (Male) |
| 5:01 | Encolar | Villager (Male) |
| 5:01 | Encolar | Villager (Male) |
| 5:01 | Encolar | Villager (Male) |
| 5:02 | Encolar | Villager (Male) |
| 5:27 | Encolar | Villager (Male) |
| 5:32 | Construir | Barracks |
| 5:58 | Investigar | Loom |
| 6:27 | Construir | Mining Camp |
| 6:58 | Construir | House |
| 7:03 | Investigar | Feudal Age |
| 7:08 | Encolar | Militia |
| 7:08 | Encolar | Militia |
| 7:39 | Encolar | Militia |
| 7:55 | Construir | Palisade Gate |
| 8:25 | Encolar | Villager (Male) |
| 8:38 | Construir | House |
| 8:49 | Encolar | Militia |
| 9:15 | Edad | Edad Feudal |
| 9:29 | Investigar | Man-at-Arms (upgrade) |
| 9:36 | Construir | Archery Range |
| 9:39 | Encolar | Villager (Male) |
| 10:04 | Encolar | Villager (Male) |
| 10:04 | Encolar | Villager (Male) |
| 10:04 | Encolar | Villager (Male) |
| 10:09 | Construir | Mill |
| 10:16 | Encolar | Archer |
| 10:44 | Construir | Watch Tower |
| 10:48 | Encolar | Archer |
| 11:20 | Encolar | Villager (Male) |
| 11:49 | Encolar | Villager (Male) |
Build order — LLaRLLi
67 acciones detectadas en el replay
| 0:01 | Encolar | Villager (Male) |
| 0:01 | Encolar | Villager (Male) |
| 0:02 | Construir | House |
| 0:03 | Construir | House |
| 0:05 | Encolar | Villager (Male) |
| 0:05 | Encolar | Villager (Male) |
| 0:05 | Encolar | Villager (Male) |
| 1:40 | Encolar | Villager (Male) |
| 1:40 | Encolar | Villager (Male) |
| 1:50 | Construir | Lumber Camp |
| 2:03 | Encolar | Villager (Male) |
| 2:03 | Encolar | Villager (Male) |
| 2:28 | Encolar | Villager (Male) |
| 2:29 | Encolar | Villager (Male) |
| 2:29 | Encolar | Villager (Male) |
| 3:21 | Encolar | Villager (Male) |
| 3:21 | Encolar | Villager (Male) |
| 3:38 | Encolar | Villager (Male) |
| 3:38 | Encolar | Villager (Male) |
| 3:51 | Construir | House |
| 4:03 | Encolar | Villager (Male) |
| 4:03 | Encolar | Villager (Male) |
| 4:09 | Encolar | Villager (Male) |
| 4:10 | Encolar | Villager (Male) |
| 4:10 | Encolar | Villager (Male) |
| 4:20 | Construir | Mill |
| 4:46 | Encolar | Villager (Male) |
| 4:53 | Encolar | Villager (Male) |
| 4:53 | Encolar | Villager (Male) |
| 4:53 | Encolar | Villager (Male) |
| 5:34 | Encolar | Villager (Male) |
| 5:38 | Construir | House |
| 6:01 | Encolar | Villager (Male) |
| 6:26 | Encolar | Villager (Male) |
| 6:45 | Investigar | Loom |
| 6:54 | Construir | Barracks |
| 7:06 | Investigar | Feudal Age |
| 7:06 | Investigar | Feudal Age |
| 7:18 | Construir | House |
| 7:40 | Encolar | Militia |
| 7:41 | Encolar | Militia |
| 7:41 | Encolar | Militia |
| 7:55 | Encolar | Militia |
| 8:28 | Encolar | Villager (Male) |
| 9:20 | Edad | Edad Feudal |
| 9:24 | Investigar | Man-at-Arms (upgrade) |
| 9:24 | Investigar | Man-at-Arms (upgrade) |
| 9:28 | Encolar | Villager (Male) |
| 9:53 | Construir | Mining Camp |
| 9:54 | Construir | House |
| 9:56 | Construir | House |
| 9:57 | Construir | House |
| 9:59 | Encolar | Villager (Male) |
| 10:06 | Construir | Palisade Wall |
| 10:15 | Encolar | Villager (Male) |
| 10:23 | Construir | House |
| 10:43 | Construir | Watch Tower |
| 10:51 | Encolar | Spearman |
| 10:51 | Encolar | Spearman |
| 11:14 | Encolar | Villager (Male) |
| 11:47 | Construir | Market |
| 11:57 | Encolar | Spearman |
| 12:00 | Encolar | Villager (Male) |
| 12:00 | Encolar | Villager (Male) |
| 12:00 | Encolar | Villager (Male) |
| 12:06 | Encolar | Spearman |
| 12:06 | Encolar | Villager (Male) |
Cronología de la partida
| 5:32 | Riut · first_building Barracks |
| 6:54 | LLaRLLi · first_building Barracks |
| 9:15 | Riut · age_up feudal |
| 9:20 | LLaRLLi · age_up feudal |
| 9:36 | Riut · first_building Archery Range |
| 10:06 | LLaRLLi · wall_segment Palisade Wall x1 |
| 12:21 | Riut · resign |
[ ANÁLISIS IA · 1 CRÉDITO ]
¿Qué pasó realmente en esta partida?
Wolo.gg analiza cada decisión: build order, eco, micro, errores típicos por bracket. Análisis personalizado por WhatsApp o Discord en 30 segundos.
Guía civ
Wei
Perfil
Jugador #1045839